 Dungeon Crawl Stone Soup version 0.31-a0-1620-gcbf77bbcfc (webtiles) character file.

Game seed: 11347622362191065614

120 Dittersdorf the Trooper (level 5, 0/33 HPs)
             Began as a Gargoyle Fighter on Jan 11, 2024.
             Killed by nerve-wracking pain
             ... invoked by Grinder
              (5 damage)
             ... on level 3 of the Dungeon.
             The game lasted 00:02:09 (1602 turns).

Dittersdorf the Trooper (Gargoyle Fighter)          Turns: 1602, Time: 00:02:10

Health: 0/33       AC:  9    Str: 22    XL:     5   Next: 4%
Magic:  5/5        EV: 10    Int:  8    God:
Gold:   132        SH:  4    Dex:  9    Spells: 4/4 levels left

rFire   + . .        a - +0 flail
rCold   . . .        c - +0 buckler
rNeg    + . .        i - +0 ring mail {rF+}
rPois   ∞            (no helmet)
rElec   +            (no cloak)
rCorr   .            (no gloves)
SInv    +            (no boots)
Will    .....        (no amulet) Stlth
                     h - ring of see invisible
HPRegen 0.25/turn    (no ring)
MPRegen 0.09/turn

%: no passive effects
@: no status effects
A: sickness immunity, AC +4, negative energy resistance 1, electricity
resistance, torment resistance 1, petrification resistance
a: no special abilities


You were on level 3 of the Dungeon.
You visited 1 branch of the dungeon, and saw 3 of its levels.

You collected 132 gold pieces.

Inventory:

Hand Weapons
 a - a +0 flail (weapon)
Armour
 c - a +0 buckler (worn)
 i - a +0 ring mail of fire resistance (worn)
Jewellery
 h - a ring of see invisible (left hand)
Scrolls
 e - 4 scrolls of teleportation {unknown}
 j - a scroll of noise {unknown}
 k - a scroll of blinking {unknown}
 l - a scroll of enchant weapon {unknown}
 m - a scroll of identify {unknown}
Potions
 b - a potion of curing {unknown}
 d - a potion of might
 f - a potion of ambrosia {unknown}
 g - a potion of resistance {unknown}


   Skills:
 + Level 4.2 Fighting
 + Level 3.0 Maces & Flails
 + Level 4.1 Armour
 + Level 4.0 Shields


You had 4 spell levels left.
You didn't know any spells.
Your spell library was empty.

Dungeon Overview and Level Annotations

Branches:
Dungeon (3/15)

Altars:

Annotations:
D:3 Grinder


Innate Abilities, Weirdness & Mutations

You are immune to sickness and miasma.
Your stone body is resilient. (AC +4)
You are immune to poison.
You resist negative energy. (rN+)
You are resistant to electric shocks. (rElec)
You are resistant to unholy torment.
You are immune to petrification.


Message History

Grinder gestures at you. Pain shoots through your body!
Grinder zaps a wand.
The puff of flame hits you but does no damage.
Grinder blinks!
Grinder zaps a wand.
The puff of flame hits you. You resist.
You can move again.
You are too injured to fight recklessly!
Grinder blinks!
Grinder blinks!
Grinder gestures at you.
You suddenly lose the ability to move!
Grinder zaps a wand.
The puff of flame hits you. You resist.
* * * LOW HITPOINT WARNING * * *
You can move again.
You see here a ball python corpse.
Grinder closely misses you.
There is a stone staircase leading up here.
You closely miss Grinder.
Grinder is lightly wounded.
Grinder hits you.
* * * LOW HITPOINT WARNING * * *
You writhe in agony.
* * * LOW HITPOINT WARNING * * *
You closely miss Grinder.
Grinder is lightly wounded.
Grinder gestures at you. Pain shoots through your body!
* * * LOW HITPOINT WARNING * * *
You sock Grinder!
Grinder is heavily wounded.
Grinder gestures at you.
You barely resist. You sock Grinder!
Grinder is severely wounded.
Grinder zaps a wand.
The puff of flame misses you. Grinder gestures at you.
Pain shoots through your body!
You die...
Grinder sighs, "Dead already?
I want a refund."

### ### #.### #.#
###...###.# #.........#
#.#.......#
####'#########
#.......# ########
#.....@.######
#......###....†5......#
#......#.+.......####.#
#.[......#.......#
.#........#.....#.#
..........#.#.....###
#..........#.......#
..#+#....###.....#.#
#.# #.#..# #.....#.#


You could see Grinder.

Vanquished Creatures
  3 adders (D:2)
  4 dart slugs
  An orc (D:2)
  5 ball pythons
  7 endoplasms
  A giant cockroach (D:1)
  11 hobgoblins
  7 jackals (D:2)
  3 quokkas
  10 bats
  3 frilled lizards
  8 goblins
  8 kobolds
  5 rats
76 creatures vanquished.

Notes
Turn   | Place    | Note
-------+----------+-------------------------------------------
     0 | D:1      | Dittersdorf the Gargoyle Fighter began the quest for the
                  | Orb.
     0 | D:1      | Reached XP level 1. HP: 14/14 MP: 1/1
    65 | D:1      | Reached XP level 2. HP: 17/19 MP: 2/2
   191 | D:1      | Reached XP level 3. HP: 23/23 MP: 3/3
   691 | D:2      | Reached XP level 4. HP: 27/29 MP: 4/4
  1002 | D:2      | Found a faded altar of an unknown god.
  1393 | D:3      | Reached XP level 5. HP: 30/33 MP: 5/5
  1408 | D:3      | Noticed Grinder
  1519 | D:3      | Paralysed by Grinder for 3 turns
  1588 | D:3      | Paralysed by Grinder for 5 turns
  1595 | D:3      | Paralysed by Grinder for 3 turns
  1602 | D:3      | Killed from afar by Grinder

Illustrated notes

Levels and vault maps discovered:
D:1:      matt_arrival_debris, layout_rooms, st_stairs_9,
          wander_ebering_terrifying_dragon_lair
D:2:      minmay_evil_eye, layout_basic, ebering_ecumenical_altar_abandoned
D:3:      layout_basic, gammafunk_ghost_necromancy, serial_park_tiny_1,
          goddamned_bats, uniq_grinder

Skill      XL: |  1  2  3  4 |
---------------+-------------+-----
Fighting       | 4 |  4.2
Armour         | 4 |  4.1
Shields        | 4 |  4.0
Maces & Flails | 3 |  3.0

Action                     |  1- 3 |  4- 6 || total
---------------------------+-------+-------++-------
  Melee: Flail             |   148 |   108 ||   256
 Armour: Scale mail        |   169 |     4 ||   173
         Ring mail         |       |   113 ||   113
  Dodge: Dodged            |   111 |    95 ||   206
  Block: Buckler           |    54 |    28 ||    82

Table legend: (Time is in decaauts)
 A = Elapsed time spent in this place.
 B = Non-inter-level travel time spent in this place.
 C = Inter-level travel time spent in this place.
 D = Time resting spent in this place.
 E = Time spent auto-exploring this place.
 F = Levels seen in this place.
 G = Mean time per level.
                   A        B        C        D        E       F      G
               +--------+--------+--------+--------+--------+-----+--------+
         Total |   1681 |   1647 |     34 |    115 |    973 |   3 |  560.3 |
       Dungeon |   1681 |   1647 |     34 |    115 |    973 |   3 |  560.3 |
               +--------+--------+--------+--------+--------+-----+--------+

Top non-repeatable levels by time:
     D:2: 917 daAuts
     D:1: 626 daAuts
     D:3: 136 daAuts
